Penguins vs Red Wings

Created - December 27, 2017 at 07:57

Goals
1 2 3 T
Penguins 0 1 0 1
Red Wings 2 0 1 3
Shots
1 2 3 T
Penguins 10 13 10 33
Red Wings 8 18 18 44

1st period

1. Red Wings , Sean Bergenheim 7 (Phil Kessel 12) at 7:26
2. Red Wings , Sean Bergenheim 8 (Tyler Johnson 13) at 11:01

Penalties :
Dion Phaneuf (Pit) for Roughing (Minor) at 3:59, Mike Richards (Det) for Elbowing (Minor) at 12:55, Keith Aulie (Pit) for Holding (Minor) at 16:14

2nd period

3. Penguins , Steven Stamkos 25 (Bobby Ryan 32, Josh Tordjman) at 16:36 (PP)

Penalties :
Adam Henrique (Det) for Interference (Minor) at 2:17, Steven Stamkos (Pit) for Hooking (Minor) at 9:47, Sean Bergenheim (Det) for Slashing (Minor) at 16:09, Bobby Ryan (Pit) for Tripping (Minor) at 16:49

3rd period

4. Red Wings , Nate Thompson 4 (Brent Seabrook 18, Ales Hemsky 6) at 15:51

Penalties :
Nino Niederreiter (Det) for High sticking (Minor) at 10:25

Goalie Stats

Josh Tordjman (Pit), 41 saves from 44 shots - (0.932), L, 3-2-0, 60:00 minutes
Michal Neuvirth (Det), 32 saves from 33 shots - (0.970), W, 20-3-2, 60:00 minutes

Players Stats for Penguins

Player Name              G  A  P  +/- PIM S  H  SB GA TA FO     MP     PP MP  PK MP  
------------------------------------------------------------------------------------
Andrew Cogliano          0  0  0  -1  0   4  0  1  1  1  0/0    17:16   2:53   3:31 
Bobby Ryan               0  1  1  -1  2   5  1  1  0  0  1/2    21:00   3:31   0:00 
Brayden Schenn           0  0  0  -1  0   3  3  1  1  0  5/13   14:43   0:00   3:50 
Brian McGrattan          0  0  0  -1  0   4  0  0  1  0  0/0     9:57   0:00   0:00 
D.J King                 0  0  0   0  0   1  1  0  0  0  0/0     7:00   0:00   0:31 
Dion Phaneuf             0  0  0  -2  2   1  3  5  0  0  0/0    27:53   4:38   3:06 
Dominic Moore            0  0  0   0  0   2  1  0  0  0  1/3     8:35   0:00   2:06 
Duncan Keith             0  0  0   0  0   0  2  1  0  0  0/0    21:41   1:46   4:13 
Eric Gryba               0  0  0  -1  0   0  1  2  0  0  0/0    10:02   0:00   0:00 
Keith Aulie              0  0  0   0  2   0  1  2  1  1  0/0    21:05   1:46   3:09 
Max Pacioretty           0  0  0  -1  0   2  1  0  0  1  1/2    20:57   3:31   0:00 
Nikita Alexeev           0  0  0   0  0   0  0  0  1  0  0/0     6:29   0:00   0:00 
Paul Ranger              0  0  0  -1  0   0  0  1  0  2  0/0    10:43   0:00   1:10 
Sam Gagner               0  0  0  -1  0   0  1  1  0  0  8/16   16:01   2:53   2:00 
Sean Zimmerman           0  0  0  -2  0   0  0  1  0  1  0/0    28:48   4:38   4:14 
Simon Gagné              0  0  0  -1  0   3  1  0  0  0  1/1    14:31   0:00   3:54 
Steve Downie             0  0  0  -1  0   1  5  0  0  0  0/1    13:41   2:53   0:00 
Steven Stamkos           1  0  1  -1  2   7  3  1  2  0  18/34  21:38   3:31   0:00 

Players Stats for Red Wings

Player Name              G  A  P  +/- PIM S  H  SB GA TA FO     MP     PP MP  PK MP  
------------------------------------------------------------------------------------
Adam Henrique            0  0  0   0  2   2  1  0  0  0  0/3    19:55   3:39   0:00 
Ales Hemsky              0  1  1   1  0   1  1  0  0  0  0/1     7:07   0:02   0:00 
Alex Picard              0  0  0   0  0   1  2  0  0  0  1/1    11:28   0:00   0:44 
Brendan Bell             0  0  0   1  0   2  0  1  0  1  0/0    20:49   0:00   3:27 
Brent Seabrook           0  1  1   2  0   0  0  2  1  2  0/0    26:36   4:22   2:57 
Chris Kelly              0  0  0   0  0   2  0  0  0  0  3/4    10:45   0:07   0:27 
Filip Kuba               0  0  0   1  0   2  3  1  1  0  0/0    18:09   3:34   2:57 
Mike Richards            0  0  0   0  2   5  1  0  1  2  11/21  20:16   4:10   0:00 
Nate Thompson            1  0  1   1  0   1  1  0  0  0  1/4     6:42   0:00   0:00 
Nino Niederreiter        0  0  0   1  2   0  0  0  0  0  2/2    14:18   0:07   2:13 
Oleg Saprykin            0  0  0   0  0   0  2  0  0  0  1/2     4:22   0:00   1:52 
Ole-Kristian Tollefsen   0  0  0   1  0   5  1  2  1  0  0/0    25:00   4:22   3:27 
Phil Kessel              0  1  1   2  0   4  0  0  0  0  1/1    15:40   3:39   0:00 
Philip Samuelsson        0  0  0   1  0   1  1  0  1  0  0/0    20:54   3:34   0:00 
Rick Nash                0  0  0   0  0   6  3  0  1  0  5/10   23:34   4:15   1:28 
Sean Bergenheim          2  0  2   2  2   6  3  0  0  0  0/0    19:18   4:10   2:55 
Theo Peckham             0  0  0   0  0   0  1  0  0  2  0/0     8:32   0:00   0:00 
Tyler Johnson            0  1  1   2  0   6  1  0  0  0  12/23  20:07   3:39   3:09 

3 Stars

1 - Sean Bergenheim (Det)
2 - Michal Neuvirth (Det)
3 - Josh Tordjman (Pit)

Power Play

Penguins - 1 on 4 Attempt(s) - 25.00%
Red Wings - 0 on 4 Attempt(s) - 0.00%

Penalty Kill

Penguins - 4 on 4 Attempt(s) - 100.00% - Score 0 goal in Penalty Kill
Red Wings - 3 on 4 Attempt(s) - 75.00% - Score 0 goal in Penalty Kill

Team Stat

Penguins - Hits : 24 - Faceoff Wins : 35 - Blocked Shots : 17 - Penalty Minutes : 8
Red Wings - Hits : 21 - Faceoff Wins : 37 - Blocked Shots : 6 - Penalty Minutes : 8

Official

Referees : Watson Brad and Pochmara Brian
Linesman : Mark Wheler and Bryan Pancich

Game Notes

Oleg Saprykin is injured at 7:54 of 2nd period (Strained Left Elbow)

Finance

Level 1 -- Attendance: 6000 (100.00%) -- Ticket Income $522,000
Level 2 -- Attendance: 4020 (80.40%) -- Ticket Income $233,160
Level 3 -- Attendance: 1488 (74.40%) -- Ticket Income $59,520
Level 4 -- Attendance: 3402 (85.05%) -- Ticket Income $98,658
Luxury Box -- Attendance: 799 (79.90%) -- Ticket Income $134,232
Game was played at the Joe Louis Arena.
Total Attendance: 15709 (87.27%)
Total Ticket Income: $1,047,570
Other Income: $157,136
Total Income: $1,204,706

Penguins

5 vs 5 Forward 
   Center                   Left Wing                Right Wing               Time % Phy DF OF 
 1 Steven Stamkos           Max Pacioretty           Bobby Ryan               40     0   2  3  
 2 Sam Gagner               Andrew Cogliano          Steve Downie             30     0   2  3  
 3 Brayden Schenn           Simon Gagné              Brian McGrattan          20     0   2  3  
 4 Dominic Moore            D.J King                 Nikita Alexeev           10     0   2  3  

5 vs 5 Defense 
   Defense                  Defense                                           Time % Phy DF OF 
 1 Dion Phaneuf             Sean Zimmerman                                    45     1   2  2  
 2 Duncan Keith             Keith Aulie                                       33     1   2  2  
 3 Paul Ranger              Eric Gryba                                        22     1   2  2  
 4 Dion Phaneuf             Sean Zimmerman                                    0      1   2  2  

PowerPlay Forward 
   Center                   Left Wing                Right Wing               Time % Phy DF OF 
 1 Steven Stamkos           Max Pacioretty           Bobby Ryan               60     0   1  4  
 2 Sam Gagner               Andrew Cogliano          Steve Downie             40     0   1  4  

PowerPlay Defense
   Defense                  Defense                                           Time % Phy DF OF 
 1 Dion Phaneuf             Sean Zimmerman                                    60     0   2  3  
 2 Duncan Keith             Keith Aulie                                       40     0   2  3  

Penalty Kill 4 Players Forward 
   Center                   Wing                     Time % Phy DF OF 
 1 Brayden Schenn           Simon Gagné              60     0   4  1  
 2 Dominic Moore            Andrew Cogliano          40     0   4  1  

Penalty Kill 4 Players Defense
   Defense                  Defense                  Time % Phy DF OF 
 1 Dion Phaneuf             Sean Zimmerman           60     1   4  0  
 2 Duncan Keith             Keith Aulie              40     1   4  0  

Penalty Kill - 3 Players Forward 
   Forward                                           Time % Phy DF OF 
 1 Brayden Schenn                                    60     0   4  1  
 2 Dominic Moore                                     40     0   4  1  

Penalty Kill - 3 Players Defense
   Defense                  Defense                  Time % Phy DF OF 
 1 Dion Phaneuf             Sean Zimmerman           60     1   4  0  
 2 Duncan Keith             Keith Aulie              40     1   4  0  

4 vs 4 Forward 
   Center                   Wing                     Time % Phy DF OF 
 1 Steven Stamkos           Bobby Ryan               60     0   2  3  
 2 Sam Gagner               Steve Downie             40     0   2  3  

4 vs 4 Defense
   Defense                  Defense                  Time % Phy DF OF 
 1 Dion Phaneuf             Sean Zimmerman           60     1   2  2  
 2 Duncan Keith             Keith Aulie              40     1   2  2  

Last Minutes Offensive
   Center                   Left Wing                Right Wing               Defense                  Defense                  
   Steven Stamkos           Max Pacioretty           Bobby Ryan               Dion Phaneuf             Sean Zimmerman           

Last Minutes Defensive
   Center                   Left Wing                Right Wing               Defense                  Defense                  
   Brayden Schenn           Andrew Cogliano          Steve Downie             Dion Phaneuf             Sean Zimmerman           

Goaltenders
Starting : Josh Tordjman            
Backup : Brian Elliott            

Extra Forwards
Normal : Steven Stamkos, Sam Gagner, Brayden Schenn - PP : Andrew Cogliano, Max Pacioretty - PK : Simon Gagné
Extra Defensemen
Normal : Sean Zimmerman, Duncan Keith, Eric Gryba - PP : Paul Ranger - PK : Sean Zimmerman, Keith Aulie
Penalty Shots
Andrew Cogliano, Bobby Ryan, Steven Stamkos, Brayden Schenn, Simon Gagné

Scratches
None

Red Wings

5 vs 5 Forward 
   Center                   Left Wing                Right Wing               Time % Phy DF OF 
 1 Mike Richards            Adam Henrique            Rick Nash                40     0   2  3  
 2 Tyler Johnson            Sean Bergenheim          Phil Kessel              33     0   2  3  
 3 Chris Kelly              Alex Picard              Nino Niederreiter        20     0   3  2  
 4 Nate Thompson            Oleg Saprykin            Ales Hemsky              7      1   2  2  

5 vs 5 Defense 
   Defense                  Defense                                           Time % Phy DF OF 
 1 Brent Seabrook           Brendan Bell                                      35     0   3  2  
 2 Philip Samuelsson        Ole-Kristian Tollefsen                            35     0   3  2  
 3 Filip Kuba               Theo Peckham                                      20     0   3  2  
 4 Filip Kuba               Brent Seabrook                                    10     0   3  2  

PowerPlay Forward 
   Center                   Left Wing                Right Wing               Time % Phy DF OF 
 1 Rick Nash                Sean Bergenheim          Mike Richards            60     0   1  4  
 2 Tyler Johnson            Adam Henrique            Phil Kessel              40     0   1  4  

PowerPlay Defense
   Defense                  Defense                                           Time % Phy DF OF 
 1 Ole-Kristian Tollefsen   Brent Seabrook                                    60     0   2  3  
 2 Filip Kuba               Philip Samuelsson                                 40     0   2  3  

Penalty Kill 4 Players Forward 
   Center                   Wing                     Time % Phy DF OF 
 1 Tyler Johnson            Nino Niederreiter        50     1   2  2  
 2 Oleg Saprykin            Sean Bergenheim          50     1   2  2  

Penalty Kill 4 Players Defense
   Defense                  Defense                  Time % Phy DF OF 
 1 Brent Seabrook           Filip Kuba               50     1   2  2  
 2 Brendan Bell             Ole-Kristian Tollefsen   50     1   2  2  

Penalty Kill - 3 Players Forward 
   Forward                                           Time % Phy DF OF 
 1 Sean Bergenheim                                   60     1   2  2  
 2 Oleg Saprykin                                     40     1   2  2  

Penalty Kill - 3 Players Defense
   Defense                  Defense                  Time % Phy DF OF 
 1 Filip Kuba               Brent Seabrook           50     1   2  2  
 2 Brendan Bell             Ole-Kristian Tollefsen   50     1   2  2  

4 vs 4 Forward 
   Center                   Wing                     Time % Phy DF OF 
 1 Mike Richards            Rick Nash                60     1   2  2  
 2 Tyler Johnson            Phil Kessel              40     1   2  2  

4 vs 4 Defense
   Defense                  Defense                  Time % Phy DF OF 
 1 Brent Seabrook           Filip Kuba               60     1   2  2  
 2 Ole-Kristian Tollefsen   Philip Samuelsson        40     1   2  2  

Last Minutes Offensive
   Center                   Left Wing                Right Wing               Defense                  Defense                  
   Mike Richards            Rick Nash                Phil Kessel              Brent Seabrook           Ole-Kristian Tollefsen   

Last Minutes Defensive
   Center                   Left Wing                Right Wing               Defense                  Defense                  
   Tyler Johnson            Sean Bergenheim          Rick Nash                Brent Seabrook           Filip Kuba               

Goaltenders
Starting : Michal Neuvirth          
Backup : Ilya Bryzgalov           

Extra Forwards
Normal : Rick Nash, Tyler Johnson, Nino Niederreiter - PP : Nino Niederreiter, Chris Kelly - PK : Rick Nash
Extra Defensemen
Normal : Brent Seabrook, Ole-Kristian Tollefsen, Philip Samuelsson - PP : Philip Samuelsson - PK : Philip Samuelsson, Theo Peckham
Penalty Shots
Rick Nash, Mike Richards, Phil Kessel, Brent Seabrook, Sean Bergenheim

Scratches
Jiri Fischer (Strained Left Knee Injury), Oleg Saprykin (Strained Left Elbow Injury)

% Time on Ice - Penguins

Lines # - Real PCT - Wanted PCT - Time Play
Normal Forward
1 - 41% - 40% - 18:42
2 - 24% - 30% - 10:48
3 - 21% - 20% - 9:41
4 - 14% - 10% - 6:29
Normal Defense
1 - 44% - 45% - 20:10
2 - 35% - 33% - 15:57
3 - 21% - 22% - 9:33
4 - 0% - 0% - 0:00
PP Forward
1 - 55% - 60% - 3:31
2 - 45% - 40% - 2:53
PP Defense
1 - 72% - 60% - 4:38
2 - 28% - 40% - 1:46
PK Forward
1 - 74% - 60% - 5:50
2 - 26% - 40% - 2:06
PK Defense
1 - 49% - 60% - 3:51
2 - 51% - 40% - 4:05
PK3 Forward
1 - 0% - 60%
2 - 0% - 40%
PK3 Defense
1 - 0% - 60%
2 - 0% - 40%
44 Forward
1 - 0% - 60%
2 - 0% - 40%
44 Defense
1 - 0% - 60%
2 - 0% - 40%
Last Minute Offensive  - 0:00
Last Minute Defensive  - 0:00
Total
Forward - 60:00
Defense - 60:00

% Time on Ice - Red Wings

Lines # - Real PCT - Wanted PCT - Time Play
Normal Forward
1 - 37% - 40% - 16:49
2 - 27% - 33% - 12:23
3 - 21% - 20% - 9:46
4 - 15% - 7% - 6:42
Normal Defense
1 - 40% - 35% - 18:10
2 - 37% - 35% - 17:02
3 - 19% - 20% - 8:32
4 - 4% - 10% - 1:56
PP Forward
1 - 54% - 60% - 4:17
2 - 46% - 40% - 3:39
PP Defense
1 - 55% - 60% - 4:22
2 - 45% - 40% - 3:34
PK Forward
1 - 49% - 50% - 3:09
2 - 51% - 50% - 3:15
PK Defense
1 - 46% - 50% - 2:57
2 - 54% - 50% - 3:27
PK3 Forward
1 - 0% - 60%
2 - 0% - 40%
PK3 Defense
1 - 0% - 50%
2 - 0% - 50%
44 Forward
1 - 0% - 60%
2 - 0% - 40%
44 Defense
1 - 0% - 60%
2 - 0% - 40%
Last Minute Offensive  - 0:00
Last Minute Defensive  - 0:00
Total
Forward - 60:00
Defense - 60:00

Play by Play

1st period


0:01 of 1st period - Mike Richards wins face-off versus Steven Stamkos in neutral zone.
0:48 of 1st period - Snap shot by Brian McGrattan.
0:48 of 1st period - Stopped by Michal Neuvirth with a rebound.
0:50 of 1st period - Snap shot by Simon Gagné.
0:50 of 1st period - Shot Misses the Net.
0:52 of 1st period - Slapshot by Eric Gryba.
0:52 of 1st period - Shot Blocked by Brent Seabrook.
1:50 of 1st period - Sean Bergenheim is hit by Eric Gryba and loses puck.
1:55 of 1st period - Backhand shot by Andrew Cogliano.
1:55 of 1st period - Deflect By Sean Bergenheim.
1:55 of 1st period - Stopped by Michal Neuvirth without a rebound.
1:56 of 1st period - Tyler Johnson wins face-off versus Sam Gagner in Red Wings zone.
2:01 of 1st period - Andrew Cogliano is hit by Theo Peckham.
2:40 of 1st period - Ole-Kristian Tollefsen is hit by Simon Gagné and loses puck.
3:06 of 1st period - Wrist shot by Adam Henrique.
3:06 of 1st period - Deflect By Keith Aulie.
3:06 of 1st period - Shot Misses the Net.
3:06 of 1st period - Puck is out of play.
3:07 of 1st period - Steven Stamkos wins face-off versus Chris Kelly in Penguins zone.
3:22 of 1st period - Off-side.
3:23 of 1st period - Sam Gagner wins face-off versus Tyler Johnson in neutral zone.
3:49 of 1st period - Filip Kuba is hit by Steven Stamkos and loses puck.
3:59 of 1st period - Minor Penalty to Dion Phaneuf for Roughing.
4:00 of 1st period - Rick Nash wins face-off versus Brayden Schenn in Penguins zone.
4:16 of 1st period - Sean Zimmerman is hit by Rick Nash and loses puck.
4:36 of 1st period - Snap shot by Simon Gagné.
4:36 of 1st period - Stopped by Michal Neuvirth with a rebound.
5:29 of 1st period - Sam Gagner is hit by Tyler Johnson and loses puck.
5:59 of 1st period - Penalty to Dion Phaneuf is over, Dion Phaneuf is back on ice.
6:12 of 1st period - Snap shot by Ales Hemsky.
6:12 of 1st period - Stopped by Josh Tordjman without a rebound.
6:13 of 1st period - Steven Stamkos wins face-off versus Nate Thompson in Penguins zone.
6:13 of 1st period - Steven Stamkos is hit by Filip Kuba.
7:26 of 1st period - Snap shot by Sean Bergenheim.
7:26 of 1st period - Goal by Sean Bergenheim - Penguins : 0 - Red Wings : 1.
7:27 of 1st period - Mike Richards wins face-off versus Steven Stamkos in neutral zone.
8:02 of 1st period - Snap shot by Phil Kessel.
8:02 of 1st period - Stopped by Josh Tordjman without a rebound.
8:03 of 1st period - Tyler Johnson wins face-off versus Steven Stamkos in Penguins zone.
8:10 of 1st period - Phil Kessel is hit by Dion Phaneuf and loses puck.
8:41 of 1st period - Rick Nash is hit by Steve Downie and loses puck.
8:58 of 1st period - Snap shot by Brayden Schenn.
8:58 of 1st period - Stopped by Michal Neuvirth with a rebound.
9:00 of 1st period - Snap shot by Brayden Schenn.
9:00 of 1st period - Stopped by Michal Neuvirth with a rebound.
9:02 of 1st period - Slapshot by Dion Phaneuf.
9:02 of 1st period - Shot Misses the Net.
9:04 of 1st period - Snap shot by Brayden Schenn.
9:04 of 1st period - Stopped by Michal Neuvirth without a rebound.
9:05 of 1st period - Tyler Johnson wins face-off versus Steven Stamkos in Red Wings zone.
9:22 of 1st period - Wrist shot by Steven Stamkos.
9:22 of 1st period - Stopped by Michal Neuvirth with a rebound.
9:34 of 1st period - Snap shot by Sean Bergenheim.
9:34 of 1st period - Stopped by Josh Tordjman with a rebound.
9:36 of 1st period - Snap shot by Rick Nash.
9:36 of 1st period - Shot Misses the Net.
9:44 of 1st period - Snap shot by Adam Henrique.
9:44 of 1st period - Shot Blocked by Keith Aulie.
9:55 of 1st period - Icing by Keith Aulie.
9:56 of 1st period - Chris Kelly wins face-off versus Sam Gagner in Penguins zone.
10:22 of 1st period - Snap shot by Steven Stamkos.
10:22 of 1st period - Stopped by Michal Neuvirth without a rebound.
10:23 of 1st period - Mike Richards wins face-off versus Steven Stamkos in Red Wings zone.
10:40 of 1st period - Snap shot by Ole-Kristian Tollefsen.
10:40 of 1st period - Deflect By Rick Nash.
10:40 of 1st period - Stopped by Josh Tordjman with a rebound.
10:52 of 1st period - Wrist shot by Mike Richards.
10:52 of 1st period - Stopped by Josh Tordjman without a rebound.
10:53 of 1st period - Tyler Johnson wins face-off versus Brayden Schenn in Penguins zone.
10:54 of 1st period - Snap shot by Sean Bergenheim.
10:54 of 1st period - Shot Blocked by Brayden Schenn.
10:56 of 1st period - Slapshot by Tyler Johnson.
10:56 of 1st period - Stopped by Josh Tordjman without a rebound.
10:57 of 1st period - Brayden Schenn wins face-off versus Tyler Johnson in Penguins zone.
10:59 of 1st period - Icing by Simon Gagné.
11:00 of 1st period - Tyler Johnson wins face-off versus Brayden Schenn in Penguins zone.
11:01 of 1st period - Snap shot by Sean Bergenheim.
11:01 of 1st period - Goal by Sean Bergenheim - Penguins : 0 - Red Wings : 2.
11:02 of 1st period - Simon Gagné wins face-off versus Mike Richards in neutral zone.
11:16 of 1st period - Wrist shot by Adam Henrique.
11:16 of 1st period - Shot Misses the Net.
11:25 of 1st period - Icing by Brayden Schenn.
11:26 of 1st period - Steven Stamkos wins face-off versus Tyler Johnson in Penguins zone.
11:55 of 1st period - Slapshot by Andrew Cogliano.
11:55 of 1st period - Shot Blocked by Ole-Kristian Tollefsen.
11:57 of 1st period - Wrist shot by Duncan Keith.
11:57 of 1st period - Shot Misses the Net.
12:22 of 1st period - Off-side.
12:23 of 1st period - Steven Stamkos wins face-off versus Tyler Johnson in neutral zone.
12:36 of 1st period - Snap shot by Bobby Ryan.
12:36 of 1st period - Stopped by Michal Neuvirth without a rebound.
12:37 of 1st period - Mike Richards wins face-off versus Bobby Ryan in Red Wings zone.
12:55 of 1st period - Minor Penalty to Mike Richards for Elbowing.
12:56 of 1st period - Steven Stamkos wins face-off versus Tyler Johnson in Red Wings zone.
13:26 of 1st period - Off-side.
13:27 of 1st period - Tyler Johnson wins face-off versus Steven Stamkos in neutral zone.
13:38 of 1st period - Backhand shot by Steven Stamkos.
13:38 of 1st period - Shot Misses the Net.
13:40 of 1st period - Snap shot by Steven Stamkos.
13:40 of 1st period - Shot Misses the Net.
13:42 of 1st period - Slapshot by Duncan Keith.
13:42 of 1st period - Shot Hit the Post.
14:32 of 1st period - Oleg Saprykin is hit by Steve Downie.
14:55 of 1st period - Penalty to Mike Richards is over, Mike Richards is back on ice.
16:01 of 1st period - Duncan Keith is hit by Oleg Saprykin.
16:14 of 1st period - Minor Penalty to Keith Aulie for Holding.
16:15 of 1st period - Brayden Schenn wins face-off versus Rick Nash in Penguins zone.
16:40 of 1st period - Sean Zimmerman is hit by Philip Samuelsson and loses puck.
17:20 of 1st period - Ole-Kristian Tollefsen is hit by Sam Gagner and loses puck.
18:14 of 1st period - Penalty to Keith Aulie is over, Keith Aulie is back on ice.
18:30 of 1st period - Chris Kelly is hit by Dominic Moore and loses puck.
18:37 of 1st period - Slapshot by Dominic Moore.
18:37 of 1st period - Shot Misses the Net.
18:39 of 1st period - Snap shot by D.J King.
18:39 of 1st period - Shot Blocked by Filip Kuba.
18:41 of 1st period - Wrist shot by D.J King.
18:41 of 1st period - Stopped by Michal Neuvirth without a rebound.
18:42 of 1st period - Steven Stamkos wins face-off versus Ales Hemsky in Red Wings zone.
18:51 of 1st period - Brent Seabrook is hit by Steven Stamkos and loses puck.
19:21 of 1st period - Off-side.
19:22 of 1st period - Mike Richards wins face-off versus Sam Gagner in neutral zone.
19:24 of 1st period - Off-side.
19:25 of 1st period - Mike Richards wins face-off versus Sam Gagner in neutral zone.
19:38 of 1st period - Snap shot by Adam Henrique.
19:38 of 1st period - Shot Blocked by Dion Phaneuf.
19:40 of 1st period - Slapshot by Adam Henrique.
19:40 of 1st period - Shot Blocked by Andrew Cogliano.
Goals for this period are 0 for Penguins vs 2 for Red Wings.
Shots for this period are 10 for Penguins vs 8 for Red Wings.

2nd period


0:01 of 2nd period - Mike Richards wins face-off versus Steven Stamkos in neutral zone.
0:50 of 2nd period - Brendan Bell is hit by Brayden Schenn and loses puck.
0:55 of 2nd period - Wrist shot by Simon Gagné.
0:55 of 2nd period - Stopped by Michal Neuvirth without a rebound.
0:56 of 2nd period - Max Pacioretty wins face-off versus Adam Henrique in Red Wings zone.
1:29 of 2nd period - Wrist shot by Tyler Johnson.
1:29 of 2nd period - Shot Blocked by Sam Gagner.
1:31 of 2nd period - Slapshot by Ole-Kristian Tollefsen.
1:31 of 2nd period - Stopped by Josh Tordjman with a rebound.
1:33 of 2nd period - Slapshot by Ole-Kristian Tollefsen.
1:33 of 2nd period - Deflect By Steve Downie.
1:33 of 2nd period - Stopped by Josh Tordjman without a rebound.
1:34 of 2nd period - Tyler Johnson wins face-off versus Sam Gagner in Penguins zone.
2:10 of 2nd period - Snap shot by Steven Stamkos.
2:10 of 2nd period - Deflect By Bobby Ryan.
2:10 of 2nd period - Shot Misses the Net.
2:10 of 2nd period - Puck is out of play.
2:11 of 2nd period - Steven Stamkos wins face-off versus Mike Richards in Red Wings zone.
2:12 of 2nd period - Snap shot by Bobby Ryan.
2:12 of 2nd period - Stopped by Michal Neuvirth without a rebound.
2:13 of 2nd period - Steven Stamkos wins face-off versus Mike Richards in Red Wings zone.
2:17 of 2nd period - Minor Penalty to Adam Henrique for Interference.
2:18 of 2nd period - Oleg Saprykin wins face-off versus Steven Stamkos in Red Wings zone.
2:30 of 2nd period - Snap shot by Steven Stamkos.
2:30 of 2nd period - Shot Misses the Net.
2:32 of 2nd period - Wrist shot by Max Pacioretty.
2:32 of 2nd period - Shot Blocked by Brendan Bell.
2:34 of 2nd period - Snap shot by Max Pacioretty.
2:34 of 2nd period - Deflect By Bobby Ryan.
2:34 of 2nd period - Stopped by Michal Neuvirth without a rebound.
2:35 of 2nd period - Steven Stamkos wins face-off versus Oleg Saprykin in Red Wings zone.
4:17 of 2nd period - Penalty to Adam Henrique is over, Adam Henrique is back on ice.
4:23 of 2nd period - Snap shot by Dominic Moore.
4:23 of 2nd period - Shot Misses the Net.
4:29 of 2nd period - Eric Gryba is hit by Oleg Saprykin and loses puck.
4:34 of 2nd period - Snap shot by Sean Bergenheim.
4:34 of 2nd period - Stopped by Josh Tordjman with a rebound.
4:36 of 2nd period - Wrist shot by Sean Bergenheim.
4:36 of 2nd period - Stopped by Josh Tordjman with a rebound.
4:38 of 2nd period - Wrist shot by Adam Henrique.
4:38 of 2nd period - Stopped by Josh Tordjman without a rebound.
4:39 of 2nd period - Brayden Schenn wins face-off versus Mike Richards in Penguins zone.
4:39 of 2nd period - Brayden Schenn is hit by Filip Kuba.
4:48 of 2nd period - Off-side.
4:49 of 2nd period - Brayden Schenn wins face-off versus Mike Richards in neutral zone.
5:10 of 2nd period - Wrist shot by Brayden Schenn.
5:10 of 2nd period - Shot Hit the Post.
5:52 of 2nd period - Wrist shot by Rick Nash.
5:52 of 2nd period - Shot Misses the Net.
5:54 of 2nd period - Slapshot by Theo Peckham.
5:54 of 2nd period - Deflect By Rick Nash.
5:54 of 2nd period - Stopped by Josh Tordjman with a rebound.
5:56 of 2nd period - Snap shot by Adam Henrique.
5:56 of 2nd period - Stopped by Josh Tordjman with a rebound.
5:58 of 2nd period - Slapshot by Mike Richards.
5:58 of 2nd period - Shot Blocked by Keith Aulie.
6:00 of 2nd period - Backhand shot by Theo Peckham.
6:00 of 2nd period - Shot Misses the Net.
6:02 of 2nd period - Snap shot by Mike Richards.
6:02 of 2nd period - Stopped by Josh Tordjman with a rebound.
6:04 of 2nd period - Slapshot by Filip Kuba.
6:04 of 2nd period - Stopped by Josh Tordjman without a rebound.
6:05 of 2nd period - Tyler Johnson wins face-off versus Steven Stamkos in Penguins zone.
6:14 of 2nd period - Snap shot by Tyler Johnson.
6:14 of 2nd period - Shot Misses the Net.
6:16 of 2nd period - Snap shot by Sean Bergenheim.
6:16 of 2nd period - Shot Misses the Net.
6:18 of 2nd period - Wrist shot by Tyler Johnson.
6:18 of 2nd period - Shot Blocked by Dion Phaneuf.
6:32 of 2nd period - Brendan Bell is hit by Dion Phaneuf and loses puck.
6:41 of 2nd period - Snap shot by Andrew Cogliano.
6:41 of 2nd period - Stopped by Michal Neuvirth with a rebound.
6:43 of 2nd period - Wrist shot by Andrew Cogliano.
6:43 of 2nd period - Stopped by Michal Neuvirth with a rebound.
6:55 of 2nd period - Slapshot by Brent Seabrook.
6:55 of 2nd period - Shot Misses the Net.
7:41 of 2nd period - Icing by Sam Gagner.
7:42 of 2nd period - Nate Thompson wins face-off versus Dominic Moore in Penguins zone.
7:53 of 2nd period - Oleg Saprykin is hit by D.J King and loses puck.
7:54 of 2nd period - Oleg Saprykin from Red Wings is injured at 7:54 of 2nd period (Strained Left Elbow).
7:55 of 2nd period - Mike Richards wins face-off versus Steven Stamkos in Red Wings zone.
8:00 of 2nd period - Slapshot by Brent Seabrook.
8:00 of 2nd period - Shot Misses the Net.
8:02 of 2nd period - Snap shot by Rick Nash.
8:02 of 2nd period - Deflect By Mike Richards.
8:02 of 2nd period - Stopped by Josh Tordjman with a rebound.
8:04 of 2nd period - Wrist shot by Mike Richards.
8:04 of 2nd period - Stopped by Josh Tordjman with a rebound.
8:08 of 2nd period - Slapshot by Rick Nash.
8:08 of 2nd period - Shot Blocked by Steven Stamkos.
8:44 of 2nd period - Backhand shot by Dion Phaneuf.
8:44 of 2nd period - Shot Misses the Net.
9:02 of 2nd period - D.J King is hit by Nate Thompson and loses puck.
9:15 of 2nd period - Rick Nash is hit by Duncan Keith and loses puck.
9:36 of 2nd period - Slapshot by Sean Bergenheim.
9:36 of 2nd period - Shot Misses the Net.
9:47 of 2nd period - Minor Penalty to Steven Stamkos for Hooking.
9:48 of 2nd period - Brayden Schenn wins face-off versus Rick Nash in Penguins zone.
9:56 of 2nd period - Wrist shot by Simon Gagné.
9:56 of 2nd period - Shot Blocked by Ole-Kristian Tollefsen.
10:02 of 2nd period - Keith Aulie is hit by Sean Bergenheim and loses puck.
10:15 of 2nd period - Filip Kuba is hit by Keith Aulie and loses puck.
11:47 of 2nd period - Penalty to Steven Stamkos is over, Steven Stamkos is back on ice.
12:15 of 2nd period - Brent Seabrook is hit by Brayden Schenn and loses puck.
12:51 of 2nd period - Adam Henrique is hit by Steve Downie and loses puck.
13:06 of 2nd period - Mike Richards is hit by Bobby Ryan and loses puck.
14:01 of 2nd period - Eric Gryba is hit by Filip Kuba and loses puck.
14:09 of 2nd period - Icing by Dominic Moore.
14:10 of 2nd period - Chris Kelly wins face-off versus Dominic Moore in Penguins zone.
14:17 of 2nd period - Snap shot by Rick Nash.
14:17 of 2nd period - Shot Misses the Net.
14:19 of 2nd period - Snap shot by Rick Nash.
14:19 of 2nd period - Shot Blocked by Paul Ranger.
14:33 of 2nd period - Wrist shot by Steve Downie.
14:33 of 2nd period - Stopped by Michal Neuvirth without a rebound.
14:34 of 2nd period - Tyler Johnson wins face-off versus Steve Downie in Red Wings zone.
14:43 of 2nd period - Snap shot by Phil Kessel.
14:43 of 2nd period - Stopped by Josh Tordjman without a rebound.
14:44 of 2nd period - Tyler Johnson wins face-off versus Steven Stamkos in Penguins zone.
14:45 of 2nd period - Snap shot by Phil Kessel.
14:45 of 2nd period - Shot Misses the Net.
14:47 of 2nd period - Slapshot by Ole-Kristian Tollefsen.
14:47 of 2nd period - Deflect By Steven Stamkos.
14:47 of 2nd period - Stopped by Josh Tordjman with a rebound.
14:49 of 2nd period - Slapshot by Tyler Johnson.
14:49 of 2nd period - Stopped by Josh Tordjman with a rebound.
14:51 of 2nd period - Snap shot by Tyler Johnson.
14:51 of 2nd period - Stopped by Josh Tordjman without a rebound.
14:52 of 2nd period - Mike Richards wins face-off versus Steven Stamkos in Penguins zone.
15:09 of 2nd period - Wrist shot by Max Pacioretty.
15:09 of 2nd period - Stopped by Michal Neuvirth with a rebound.
15:11 of 2nd period - Backhand shot by Max Pacioretty.
15:11 of 2nd period - Shot Misses the Net.
15:13 of 2nd period - Slapshot by Dion Phaneuf.
15:13 of 2nd period - Stopped by Michal Neuvirth with a rebound.
15:15 of 2nd period - Slapshot by Sean Zimmerman.
15:15 of 2nd period - Shot Misses the Net.
15:33 of 2nd period - Steven Stamkos is hit by Rick Nash and loses puck.
15:48 of 2nd period - Snap shot by Steven Stamkos.
15:48 of 2nd period - Stopped by Michal Neuvirth without a rebound.
15:49 of 2nd period - Sam Gagner wins face-off versus Tyler Johnson in Red Wings zone.
16:00 of 2nd period - Wrist shot by Phil Kessel.
16:00 of 2nd period - Stopped by Josh Tordjman without a rebound.
16:01 of 2nd period - Sam Gagner wins face-off versus Tyler Johnson in Penguins zone.
16:09 of 2nd period - Minor Penalty to Sean Bergenheim for Slashing.
16:10 of 2nd period - Steven Stamkos wins face-off versus Rick Nash in Red Wings zone.
16:10 of 2nd period - Snap shot by Bobby Ryan.
16:10 of 2nd period - Stopped by Michal Neuvirth without a rebound.
16:11 of 2nd period - Steven Stamkos wins face-off versus Rick Nash in Red Wings zone.
16:18 of 2nd period - Slapshot by Ole-Kristian Tollefsen.
16:18 of 2nd period - Stopped by Josh Tordjman without a rebound.
16:19 of 2nd period - Steven Stamkos wins face-off versus Rick Nash in Penguins zone.
16:19 of 2nd period - Steven Stamkos is hit by Ole-Kristian Tollefsen.
16:36 of 2nd period - Snap shot by Steven Stamkos.
16:36 of 2nd period - Goal by Steven Stamkos - Penguins : 1 - Red Wings : 2.
16:37 of 2nd period - Steven Stamkos wins face-off versus Adam Henrique in neutral zone.
16:49 of 2nd period - Minor Penalty to Bobby Ryan for Tripping.
16:50 of 2nd period - Rick Nash wins face-off versus Brayden Schenn in Penguins zone.
16:55 of 2nd period - Off-side.
16:56 of 2nd period - Rick Nash wins face-off versus Brayden Schenn in neutral zone.
18:49 of 2nd period - Penalty to Bobby Ryan is over, Bobby Ryan is back on ice.
19:06 of 2nd period - Slapshot by Bobby Ryan.
19:06 of 2nd period - Stopped by Michal Neuvirth with a rebound.
19:08 of 2nd period - Slapshot by Max Pacioretty.
19:08 of 2nd period - Stopped by Michal Neuvirth with a rebound.
19:18 of 2nd period - Wrist shot by Nikita Alexeev.
19:18 of 2nd period - Shot Misses the Net.
19:24 of 2nd period - Wrist shot by Philip Samuelsson.
19:24 of 2nd period - Stopped by Josh Tordjman without a rebound.
19:25 of 2nd period - Dominic Moore wins face-off versus Nate Thompson in Penguins zone.
19:57 of 2nd period - Dion Phaneuf is hit by Rick Nash and loses puck.
Goals for this period are 1 for Penguins vs 0 for Red Wings.
Shots for this period are 13 for Penguins vs 18 for Red Wings.

3rd period


0:01 of 3rd period - Sam Gagner wins face-off versus Mike Richards in neutral zone.
0:08 of 3rd period - Wrist shot by Andrew Cogliano.
0:08 of 3rd period - Stopped by Michal Neuvirth without a rebound.
0:09 of 3rd period - Sam Gagner wins face-off versus Mike Richards in Red Wings zone.
0:35 of 3rd period - Snap shot by Mike Richards.
0:35 of 3rd period - Stopped by Josh Tordjman with a rebound.
0:49 of 3rd period - Off-side.
0:50 of 3rd period - Phil Kessel wins face-off versus Steven Stamkos in neutral zone.
1:05 of 3rd period - Snap shot by Steven Stamkos.
1:05 of 3rd period - Stopped by Michal Neuvirth with a rebound.
1:46 of 3rd period - Snap shot by Simon Gagné.
1:46 of 3rd period - Shot Misses the Net.
1:48 of 3rd period - Slapshot by Simon Gagné.
1:48 of 3rd period - Shot Misses the Net.
2:00 of 3rd period - Theo Peckham is hit by Steven Stamkos and loses puck.
2:09 of 3rd period - Steven Stamkos is hit by Sean Bergenheim and loses puck.
2:18 of 3rd period - Snap shot by Sean Bergenheim.
2:18 of 3rd period - Shot Misses the Net.
2:22 of 3rd period - Wrist shot by Sean Bergenheim.
2:22 of 3rd period - Stopped by Josh Tordjman without a rebound.
2:23 of 3rd period - Sam Gagner wins face-off versus Adam Henrique in Penguins zone.
3:53 of 3rd period - Wrist shot by Brian McGrattan.
3:53 of 3rd period - Stopped by Michal Neuvirth without a rebound.
3:54 of 3rd period - Mike Richards wins face-off versus Brayden Schenn in Red Wings zone.
4:05 of 3rd period - Snap shot by Mike Richards.
4:05 of 3rd period - Shot Misses the Net.
4:19 of 3rd period - Bobby Ryan is hit by Ales Hemsky.
5:32 of 3rd period - Snap shot by Phil Kessel.
5:32 of 3rd period - Stopped by Josh Tordjman without a rebound.
5:33 of 3rd period - Steven Stamkos wins face-off versus Nate Thompson in Penguins zone.
6:29 of 3rd period - Wrist shot by Chris Kelly.
6:29 of 3rd period - Stopped by Josh Tordjman with a rebound.
6:31 of 3rd period - Slapshot by Ole-Kristian Tollefsen.
6:31 of 3rd period - Stopped by Josh Tordjman without a rebound.
6:32 of 3rd period - Tyler Johnson wins face-off versus Steven Stamkos in Penguins zone.
6:59 of 3rd period - Tyler Johnson is hit by Brayden Schenn and loses puck.
7:07 of 3rd period - Slapshot by Brendan Bell.
7:07 of 3rd period - Stopped by Josh Tordjman with a rebound.
7:13 of 3rd period - Wrist shot by Tyler Johnson.
7:13 of 3rd period - Stopped by Josh Tordjman without a rebound.
7:14 of 3rd period - Mike Richards wins face-off versus Steven Stamkos in Penguins zone.
7:15 of 3rd period - Wrist shot by Rick Nash.
7:15 of 3rd period - Shot Misses the Net.
7:17 of 3rd period - Wrist shot by Mike Richards.
7:17 of 3rd period - Deflect By Rick Nash.
7:17 of 3rd period - Stopped by Josh Tordjman with a rebound.
7:19 of 3rd period - Snap shot by Rick Nash.
7:19 of 3rd period - Stopped by Josh Tordjman without a rebound.
7:20 of 3rd period - Bobby Ryan wins face-off versus Mike Richards in Penguins zone.
7:49 of 3rd period - Wrist shot by Steven Stamkos.
7:49 of 3rd period - Stopped by Michal Neuvirth without a rebound.
7:50 of 3rd period - Alex Picard wins face-off versus Sam Gagner in Red Wings zone.
7:50 of 3rd period - Alex Picard is hit by Dion Phaneuf.
8:26 of 3rd period - Slapshot by Brent Seabrook.
8:26 of 3rd period - Shot Blocked by Eric Gryba.
8:28 of 3rd period - Slapshot by Alex Picard.
8:28 of 3rd period - Shot Blocked by Eric Gryba.
8:30 of 3rd period - Wrist shot by Chris Kelly.
8:30 of 3rd period - Stopped by Josh Tordjman with a rebound.
8:32 of 3rd period - Wrist shot by Brendan Bell.
8:32 of 3rd period - Stopped by Josh Tordjman without a rebound.
8:33 of 3rd period - Steven Stamkos wins face-off versus Mike Richards in Penguins zone.
9:00 of 3rd period - Sean Bergenheim is hit by Steve Downie and loses puck.
9:47 of 3rd period - Snap shot by Nikita Alexeev.
9:47 of 3rd period - Deflect By Dominic Moore.
9:47 of 3rd period - Stopped by Michal Neuvirth without a rebound.
9:48 of 3rd period - Nino Niederreiter wins face-off versus Steven Stamkos in Red Wings zone.
9:48 of 3rd period - Nino Niederreiter is hit by Max Pacioretty.
9:54 of 3rd period - Steven Stamkos is hit by Alex Picard and loses puck.
10:01 of 3rd period - Wrist shot by Chris Kelly.
10:01 of 3rd period - Shot Blocked by Dion Phaneuf.
10:03 of 3rd period - Slapshot by Filip Kuba.
10:03 of 3rd period - Deflect By Steven Stamkos.
10:03 of 3rd period - Stopped by Josh Tordjman with a rebound.
10:25 of 3rd period - Minor Penalty to Nino Niederreiter for High sticking.
10:26 of 3rd period - Rick Nash wins face-off versus Sam Gagner in Red Wings zone.
10:33 of 3rd period - Icing by Sam Gagner.
10:34 of 3rd period - Rick Nash wins face-off versus Sam Gagner in Penguins zone.
11:18 of 3rd period - Brendan Bell is hit by Steve Downie.
11:30 of 3rd period - Snap shot by Steven Stamkos.
11:30 of 3rd period - Shot Blocked by Brent Seabrook.
11:37 of 3rd period - Icing by Max Pacioretty.
11:38 of 3rd period - Steven Stamkos wins face-off versus Tyler Johnson in Penguins zone.
11:43 of 3rd period - Slapshot by Tyler Johnson.
11:43 of 3rd period - Shot Misses the Net.
11:45 of 3rd period - Wrist shot by Tyler Johnson.
11:45 of 3rd period - Stopped by Josh Tordjman with a rebound.
12:25 of 3rd period - Penalty to Nino Niederreiter is over, Nino Niederreiter is back on ice.
12:37 of 3rd period - Snap shot by Ales Hemsky.
12:37 of 3rd period - Shot Misses the Net.
12:53 of 3rd period - Nikita Alexeev is hit by Adam Henrique and loses puck.
14:02 of 3rd period - Wrist shot by Rick Nash.
14:02 of 3rd period - Shot Blocked by Sean Zimmerman.
14:52 of 3rd period - Wrist shot by Dominic Moore.
14:52 of 3rd period - Stopped by Michal Neuvirth without a rebound.
14:53 of 3rd period - Steven Stamkos wins face-off versus Tyler Johnson in Red Wings zone.
15:47 of 3rd period - Wrist shot by Nate Thompson.
15:47 of 3rd period - Shot Blocked by Dion Phaneuf.
15:49 of 3rd period - Slapshot by Brent Seabrook.
15:49 of 3rd period - Shot Blocked by Dion Phaneuf.
15:51 of 3rd period - Snap shot by Nate Thompson.
15:51 of 3rd period - Goal by Nate Thompson - Penguins : 1 - Red Wings : 3.
15:52 of 3rd period - Chris Kelly wins face-off versus Brayden Schenn in neutral zone.
16:05 of 3rd period - Wrist shot by Alex Picard.
16:05 of 3rd period - Stopped by Josh Tordjman without a rebound.
16:06 of 3rd period - Steven Stamkos wins face-off versus Mike Richards in Penguins zone.
16:35 of 3rd period - Dion Phaneuf is hit by Alex Picard.
16:59 of 3rd period - Slapshot by Tyler Johnson.
16:59 of 3rd period - Stopped by Josh Tordjman without a rebound.
17:00 of 3rd period - Tyler Johnson wins face-off versus Max Pacioretty in Penguins zone.
17:15 of 3rd period - Wrist shot by Steven Stamkos.
17:15 of 3rd period - Stopped by Michal Neuvirth without a rebound.
17:16 of 3rd period - Nino Niederreiter wins face-off versus Brayden Schenn in Red Wings zone.
17:31 of 3rd period - Slapshot by Simon Gagné.
17:31 of 3rd period - Stopped by Michal Neuvirth with a rebound.
17:41 of 3rd period - Dion Phaneuf is hit by Mike Richards and loses puck.
18:08 of 3rd period - Dion Phaneuf is hit by Sean Bergenheim.
18:33 of 3rd period - Rick Nash is hit by Duncan Keith and loses puck.
19:31 of 3rd period - Slapshot by Adam Henrique.
19:31 of 3rd period - Shot Misses the Net.
19:33 of 3rd period - Slapshot by Rick Nash.
19:33 of 3rd period - Stopped by Josh Tordjman with a rebound.
19:35 of 3rd period - Slapshot by Rick Nash.
19:35 of 3rd period - Shot Misses the Net.
19:37 of 3rd period - Slapshot by Brent Seabrook.
19:37 of 3rd period - Shot Blocked by Bobby Ryan.
19:39 of 3rd period - Wrist shot by Rick Nash.
19:39 of 3rd period - Shot Blocked by Duncan Keith.
19:43 of 3rd period - Wrist shot by Rick Nash.
19:43 of 3rd period - Stopped by Josh Tordjman without a rebound.
19:44 of 3rd period - Sam Gagner wins face-off versus Tyler Johnson in Penguins zone.
19:49 of 3rd period - Snap shot by Brian McGrattan.
19:49 of 3rd period - Stopped by Michal Neuvirth without a rebound.
19:50 of 3rd period - Sam Gagner wins face-off versus Tyler Johnson in Red Wings zone.
19:51 of 3rd period - Snap shot by Brian McGrattan.
19:51 of 3rd period - Stopped by Michal Neuvirth with a rebound.
Goals for this period are 0 for Penguins vs 1 for Red Wings.
Shots for this period are 10 for Penguins vs 18 for Red Wings.